 Dungeon Crawl Stone Soup version 0.29-a0-723-gce39da1c22 (webtiles) character file.

Game seed: 2826908615417771974

11018 flotson the Fighter (level 11, 0/86 HPs)
             Began as a Demonspawn Delver on June 29, 2022.
             Was an Initiate of Gozag.
             Succumbed to a black mamba's poison
             ... on level 8 of the Dungeon.
             The game lasted 00:36:03 (16315 turns).

flotson the Fighter (Demonspawn Delver)            Turns: 16315, Time: 00:36:03

Health: 0/86       AC: 25    Str: 17    XL:     11   Next: 43%
Magic:  1/11       EV: 13    Int: 12    God:    Gozag
Gold:   1593       SH: 10    Dex: 20    Spells: 10/10 levels left

rFire   . . .      SeeInvis .   a - +4 trident
rCold   . . .      Faith    .   V - +0 kite shield
rNeg    . . .      Spirit   +   P - +3 ring mail
rPois   .          Reflect  .   u - +0 helmet
rElec   .          Harm     .   J - +0 cloak
rCorr   .          Rampage  .   O - +0 pair of gloves
Will    .....                   (no boots)
Stlth   ++........              C - amulet of guardian spirit
HPRegen 0.24/turn               p - +4 ring of slaying
MPRegen 0.12/turn               y - +6 ring of dexterity

@: lethally poisoned (0 -> -14), sanguine armoured, studying 2 skills
A: claws 2, demonic guardian 1, sanguine armour 3, demonic magic 1
a: Renounce Religion, Potion Petition, Call Merchant, Bribe Branch


You were on level 8 of the Dungeon.
You worshipped Gozag.
Gozag was most pleased with you.
You visited 3 branches of the dungeon, and saw 12 of its levels.
You also visited: Ossuary and Bailey.

You collected 1745 gold pieces.
You spent 69 gold pieces at shops.
You paid 83 gold pieces to Gozag.

Inventory:

Hand Weapons
 a - a +4 trident (weapon)
 b - a +1 hand axe of venom
 i - a +2 flail of protection
Missiles
 Q - 8 poisoned darts
 R - 28 javelins (quivered)
 T - 4 curare-tipped darts
Armour
 u - a +0 helmet (worn)
 J - a +0 cloak (worn)
 O - a +0 pair of gloves (worn)
 P - a +3 ring mail (worn)
 V - a +0 kite shield (worn)
Jewellery
 p - a +4 ring of slaying (left hand)
 w - a ring of protection from fire
 y - a +6 ring of dexterity (right hand)
 C - an amulet of guardian spirit (around neck)
Wands
 g - a wand of digging (8)
 s - a wand of charming (1)
 M - a wand of iceblast (8)
 U - a wand of acid (7)
 W - a wand of flame (26)
Scrolls
 c - 4 scrolls of fog
 d - a scroll of magic mapping
 e - 6 scrolls of fear
 f - 6 scrolls of teleportation
 k - 4 scrolls of blinking {unknown}
 m - 5 scrolls of identify {unknown}
 r - a scroll of brand weapon {unknown}
 t - 2 scrolls of amnesia {unknown}
 B - 2 scrolls of enchant armour {unknown}
 D - 2 scrolls of poison {unknown}
 E - 2 scrolls of acquirement {unknown}
 F - 3 scrolls of immolation {unknown}
 H - a scroll of vulnerability {unknown}
 L - a scroll of silence {unknown}
Potions
 h - 5 potions of attraction {unknown}
 j - 2 potions of might {unknown}
 l - 4 potions of cancellation {unknown}
 n - 3 potions of mutation {unknown}
 o - 5 potions of curing {unknown}
 q - a potion of ambrosia {unknown}
 v - 2 potions of berserk rage {unknown}
 x - 3 potions of lignification {unknown}
 z - 5 potions of heal wounds
 A - 3 potions of haste
 G - 3 potions of degeneration {unknown}
 I - a potion of flight {unknown}
 K - a potion of brilliance {unknown}
 N - 3 potions of invisibility {unknown}
 S - a potion of experience


   Skills:
 + Level 8.2 Fighting
 + Level 5.8(6.3) Axes
 - Level 3.7(5.2) Polearms
 - Level 5.8 Ranged Weapons
 + Level 3.5 Throwing
 + Level 6.8 Armour
 + Level 7.2 Dodging
 - Level 4.5 Stealth
 + Level 4.2 Shields
 + Level 6.7 Evocations


You had 10 spell levels left.
You didn't know any spells.
Your spell library contained the following spells:

 Spells                   Type           Power      Damage    Failure   Level
 Apportation              Tloc           0%         N/A       86%         1
 Freeze                   Ice            0%         1d3       86%         1
 Necrotize                Necr           0%         1d4       86%         1
 Shock                    Conj/Air       0%         1d3       86%         1
 Summon Small Mammal      Summ           0%         N/A       86%         1
 Ensorcelled Hibernation  Hex/Ice        0%         N/A       94%         2
 Static Discharge         Conj/Air       0%         N/A       94%         2
 Call Canine Familiar     Summ           0%         N/A       99%         3
 Frozen Ramparts          Ice            0%         1d2       99%         3
 Portal Projectile        Hex/Tloc       0%         N/A       99%         3
 Swiftness                Air            0%         N/A       99%         3
 Airstrike                Air            0%         N/A       100%        4
 Dispel Undead            Necr           0%         3d6       100%        4
 Hailstorm                Conj/Ice       0%         3d3       100%        4
 Leda's Liquefaction      Hex/Erth       0%         N/A       100%        4
 Sticky Flame             Conj/Fire      0%         2d3       100%        4


Dungeon Overview and Level Annotations

Branches:
Dungeon (10/15)            Temple (1/1) D:6            Lair (1/6) D:8
Ossuary (visited)          Bailey (visited)
    Orc: D:9-12

Altars:
Ashenzari
Cheibriados
Dithmenos
Elyvilon
Fedhas
Gozag
Hepliaklqana
Kikubaaqudgha
Makhleb
Nemelex Xobeh
Okawaru
Qazlal
Ru
Sif Muna
Trog
Uskayaw
Vehumet
Wu Jian
Xom
Yredelemnul
Zin
The Shining One

Shops:
D:2 *


Innate Abilities, Weirdness & Mutations

You have very sharp fingernails.
A weak demonic guardian rushes to your aid.
When seriously injured, your blood forms very thick armour. (AC +12)
Spells you cast may paralyse adjacent enemies.


Message History

The cane toad moves out of view.
You closely miss the black mamba. You block the black mamba's attack.
The black mamba bites you but does no damage.
You closely miss the black mamba. The black mamba barely misses you.
The black mamba bites you but does no damage.
You hit the black mamba.
The black mamba is lightly wounded.
You block the black mamba's attack. The black mamba bites you.
You are poisoned.
The black mamba poisons you!
You completely miss the black mamba.
The black mamba is lightly wounded.
You feel very sick. The black mamba bites you! The black mamba bites you.
You are more poisoned.
The black mamba poisons you! You block the cane toad's attack.
You block the komodo dragon's attack. The cane toad misses you.
You block the black mamba's attack.
Your blood congeals into armour.
You feel extremely sick.
There is a stone staircase leading down here.
The black mamba attacks as you move away!
The black mamba bites you.
You feel extremely sick.
The black mamba bites you but does no damage.
The komodo dragon attacks as you move away!
The komodo dragon bites you!
You feel very sick. You block the black mamba's attack.
There is a staircase back to the Dungeon here.
You feel very sick. You block the black mamba's attack.
The komodo dragon bites you!
* * * LOW HITPOINT WARNING * * *
A demonic guardian appears!
The cane toad stings you!
* * * LOW HITPOINT WARNING * * *
The black mamba barely misses you.
You climb upwards.
Welcome back to the Dungeon!
Your summoned ally is left behind.
You die...
Your body crumbles into a pile of gold.

...###....≈≈.≈≈≈.≈.≈≈.≈.######.#
#### #.)....≈≈≈≈.≈≈≈≈≈..#### #.#
######.......≈≈≈.≈≈≈≈≈..##.###.#
)..........≈≈.≈≈.≈≈≈≈.........>##
###........≈≈≈≈..≈≈≈≈...##.......
..........≈≈≈≈≈..≈.≈≈≈.....######
.........≈≈≈≈≈≈....≈≈≈..####
........#≈≈≈≈≈.....≈≈≈...#
#####.#.#≈≈≈≈≈.S@.≈.≈≈...#
....#.#.#≈≈≈≈≈≈Fl..≈≈≈...#
##.##.#.#≈≈≈≈≈.≈.≈.≈≈≈≈..#
#.##.###≈≈≈≈≈≈≈≈≈≈≈≈....# #.##.#
#...≈≈≈≈≈≈≈≈≈....######## ##.##.#
#.≈.≈≈≈≈≈.≈≈≈≈≈..#.......
.#.##.###...≈.≈≈≈≈.≈.....#.######
.......)...≈.≈...≈....≈..........
.#.##.###......≈.........#.##..##


You could see a komodo dragon, a black mamba and a cane toad.

Vanquished Creatures
  A two-headed ogre (D:9)
  A manticore (D:6)
  A kobold demonologist (D:8)
  Psyche (D:10)
  3 trolls
  A hornet (D:6)
  2 wraiths
  8 yaks
  5 steam dragons
  Menkaure (D:6)
  An acid dragon (D:9)
  A water moccasin (D:6)
  An ice beast (D:8)
  11 orc warriors
  A sky beast (D:8)
  2 black bears
  3 ogres
  12 centaurs
  4 wolves (D:8)
  2 phantoms (D:5)
  2 kobold brigands (D:8)
  4 bullfrogs
  A necrophage (D:3)
  A gnoll sergeant (D:8)
  5 water moccasin zombies (Ossuary)
  4 scorpions
  4 wights (D:9)
  13 killer bees
  5 electric eels
  3 jellies
  13 hounds
  5 orc priests
  4 iguanas
  Ijyb (D:3)
  A gnoll shaman (D:9)
  7 orc wizards
  2 mummies (Ossuary)
  6 adders
  8 gnolls
  2 shadow imps
  A white imp (D:4)
  3 ufetubi
  4 adder zombies (Ossuary)
  2 worms (D:2)
  3 dart slugs
  59 orcs
  2 bats
  4 endoplasms
  A giant cockroach (D:2)
  6 goblins
  6 hobgoblins
  10 kobolds
  6 quokkas
  8 ball pythons
  4 frilled lizards
  4 gnoll zombies (Ossuary)
  5 hobgoblin zombies (Ossuary)
  7 kobold zombies (Ossuary)
  4 orc zombies (Ossuary)
  3 rats
295 creatures vanquished.

Vanquished Creatures (others)
  A goblin (D:8)
  2 kobolds (D:8)
  2 fungi (D:8)
  12 plants (D:7)
17 creatures vanquished.

Grand Total: 312 creatures vanquished

Notes
Turn   | Place    | Note
-------+----------+-------------------------------------------
     0 | D:5      | flotson the Demonspawn Delver began the quest for the Orb.
     0 | D:5      | Reached XP level 1. HP: 18/18 MP: 1/1
     0 | D:5      | Found a sand-covered staircase.
    14 | D:5      | Noticed a hound
    19 | Ossuary  | Entered an ossuary
    44 | Ossuary  | Noticed a water moccasin zombie
    66 | Ossuary  | Killed a water moccasin zombie
    67 | Ossuary  | Reached skill level 1 in Armour
    67 | Ossuary  | Gained mutation: Spells you cast may paralyse adjacent
                  | enemies. [demonic ancestry]
    67 | Ossuary  | Reached XP level 2. HP: 22/24 MP: 2/2
    67 | Ossuary  | Reached XP level 3. HP: 27/29 MP: 3/3
   145 | Ossuary  | Gained mutation: You have sharp fingernails. [demonic
                  | ancestry]
   145 | Ossuary  | Reached XP level 4. HP: 30/35 MP: 4/4
   613 | Ossuary  | Gained mutation: When seriously injured, your blood forms
                  | armour. (AC +12) [demonic ancestry]
   613 | Ossuary  | Reached XP level 5. HP: 38/42 MP: 5/5
   692 | Ossuary  | Reached skill level 4 in Fighting
  1052 | Ossuary  | Reached XP level 6. HP: 21/48 MP: 6/6
  1692 | D:3      | Noticed Ijyb
  1737 | D:3      | Killed Ijyb
  2095 | D:1      | Noticed a floating eye
  2097 | D:1      | Found a faded altar of an unknown god.
  2100 | D:1      | Noticed an eye of devastation
  2101 | D:1      | Noticed a great orb of eyes
  2101 | D:1      | Noticed a shining eye
  3026 | D:2      | Found Homel's Assorted Antiques.
  3031 | D:2      | Bought a fizzy pink potion for 21 gold pieces
  3031 | D:2      | Bought a scroll labelled NACETA MEEKHO for 24 gold pieces
  3031 | D:2      | Bought a scroll labelled XINAEM RORPHIPP for 24 gold pieces
  3438 | D:2      | You fall into a shaft and drop 2 floors!
  3498 | D:3      | Reached skill level 1 in Throwing
  3498 | D:3      | Reached skill level 1 in Evocations
  3498 | D:3      | Gained mutation: A weak demonic guardian rushes to your
                  | aid. [demonic ancestry]
  3498 | D:3      | Reached XP level 7. HP: 22/52 MP: 7/7
  5034 | D:4      | Reached skill level 1 in Ranged Weapons
  5128 | D:4      | Found an iron altar of Okawaru.
  5128 | D:4      | Found a burning altar of Makhleb.
  5204 | D:4      | Reached skill level 5 in Fighting
  5204 | D:4      | Reached skill level 1 in Axes
  5419 | D:4      | Found a snail-covered altar of Cheibriados.
  5785 | D:4      | Gained mutation: When seriously injured, your blood forms
                  | thick armour. (AC +12) [demonic ancestry]
  5785 | D:4      | Reached XP level 8. HP: 51/62 MP: 8/8
  6424 | D:6      | Found a staircase to the Ecumenical Temple.
  6437 | Temple   | Entered the Ecumenical Temple
  7143 | D:6      | Found an opulent altar of Gozag.
  7159 | D:6      | Found a radiant altar of Vehumet.
  7194 | D:6      | Became a worshipper of Gozag Ym Sagoz the Greedy
  7276 | D:6      | Noticed Menkaure
  7283 | D:6      | Killed Menkaure
  7284 | D:6      | Reached skill level 5 in Dodging
  7308 | D:6      | Gained mutation: When seriously injured, your blood forms
                  | very thick armour. (AC +12) [demonic ancestry]
  7308 | D:6      | Reached XP level 9. HP: 44/69 MP: 9/9
  7468 | D:6      | Reached skill level 6 in Fighting
  7653 | D:6      | Noticed a manticore
  7664 | D:6      | Killed a manticore
  8122 | D:7      | Reached skill level 5 in Armour
  9215 | D:6      | Reached skill level 5 in Evocations
  9581 | D:7      | Found a shimmering blue altar of Sif Muna.
  9590 | D:7      | Got Sif Muna's Reference Book on the Frostbite
  9595 | D:7      | Found a bloodstained altar of Trog.
 10107 | D:8      | Found a flagged portal.
 10122 | Bailey   | Entered a bailey
 10390 | Bailey   | Gained mutation: You have very sharp fingernails. [demonic
                  | ancestry]
 10390 | Bailey   | Reached XP level 10. HP: 60/77 MP: 8/10
 10483 | Bailey   | Reached skill level 5 in Ranged Weapons
 10637 | Bailey   | Reached skill level 7 in Fighting
 12430 | D:8      | Found Bomeeh's Antique Weapon Boutique.
 12450 | D:8      | Found a staircase to the Lair.
 12509 | D:8      | Reached skill level 1 in Shields
 12946 | D:8      | Reached skill level 5 in Axes
 13826 | D:8      | Noticed a soul eater
 13827 | D:8      | Noticed a smoke demon
 13932 | D:9      | Reached XP level 11. HP: 46/86 MP: 7/11
 14339 | D:9      | Noticed a two-headed ogre
 14351 | D:9      | Killed a two-headed ogre
 14461 | D:9      | Found a basalt altar of Yredelemnul.
 14461 | D:9      | Found a blossoming altar of Fedhas.
 14856 | D:10     | Entered Level 10 of the Dungeon
 14947 | D:10     | Found a sparkling altar of Nemelex Xobeh.
 14997 | D:10     | Reached skill level 8 in Fighting
 15776 | D:10     | Noticed Psyche
 15781 | D:10     | Killed Psyche
 16303 | Lair:1   | Entered Level 1 of the Lair of Beasts
 16315 | D:8      | Succumbed to a black mamba's poison

Illustrated notes

Levels and vault maps discovered:
D:1:      ncdulo_lavacross, layout_loops_ring,
          hellmonk_ecumenical_altar_watching_god, chequers_serial_rivers_small_a
D:2:      layout_basic, serial_shops, nicolae_shop_hallway_plus
D:3:      layout_basic, uniq_ijyb
D:4:      layout_loops_ring, cheibriados_altar_1,
          gammafunk_temple_overflow_elements
D:5:      layout_rooms, nicolae_ossuary_entry_ruins
D:6:      layout_cave_pools, mainiacjoe_overflow_catwalk_spiral, temple_statues,
          minmay_manual_mail, uniq_menkaure
D:7:      layout_basic, nzn_overflow_gifts_of_might_and_magic, serial_bayou,
          serial_bayou_shore_a, serial_bayou_lagoon_a, serial_bayou_shore_b,
          serial_bayou_crossing
D:8:      layout_basic, mainiacjoe_overflow_alcove_4, erik_lair_island,
          enter_bailey_5, serial_shops, shop
D:9:      layout_basic, minitemple
D:10:     layout_roguey, nicolae_tso_swordbearing_angel,
          nemelex_xobeh_ov_fountains_minmay, uniq_psyche
Temple:   zaba_magenta_temple
Lair:1:   layout_gridlike, uniq_sonja

Skill      XL: |  1  2  3  4  5  6  7  8  9 10 11 |
---------------+----------------------------------+-----
Polearms       | 2 3 |  3.7
Armour         | 1 2 3 4 5 6 |  6.8
Dodging        | 2 3 4 5 6 7 |  7.2
Fighting       | 4 5 6 7 8 |  8.2
Throwing       | 1 2 3 |  3.5
Evocations     | 1 2 3 5 6 |  6.7
Ranged Weapons | 1 2 4 5 |  5.8
Axes           | 1 2 4 5 |  5.8
Shields        | 2 4 |  4.2
Stealth        | |  4.5

Action                   |  1- 3 |  4- 6 |  7- 9 | 10-12 || total
-------------------------+-------+-------+-------+-------++-------
Melee: Spear             |    33 |   368 |    45 |       ||   446
       Punch             |       |     5 |     5 |     2 ||    12
       Hand axe          |       |       |   281 |       ||   281
       Halberd           |       |       |    26 |       ||    26
       Trident           |       |       |     6 |   475 ||   481
 Fire: Sling             |       |       |     2 |       ||     2
       Shortbow          |       |       |     1 |       ||     1
Throw: Dart              |       |     1 |    19 |     1 ||    21
       Stone             |       |       |    26 |       ||    26
       Boomerang         |       |       |    11 |       ||    11
       Javelin           |       |       |       |    14 ||    14
Evoke: Wand              |    14 |     5 |    12 |       ||    31
  Use: Potion            |       |     2 |       |       ||     2
       Scroll            |       |       |     3 |       ||     3
 Stab: Sleeping          |     1 |     8 |     1 |     6 ||    16
       Distracted        |       |     1 |       |     2 ||     3
Armor: Leather armour    |     8 |    61 |       |       ||    69
       Chain mail        |       |    30 |   151 |       ||   181
       Ring mail         |       |       |    62 |   210 ||   272
Dodge: Dodged            |    13 |   142 |   191 |   373 ||   719
Block: Kite shield       |       |       |       |   186 ||   186

Table legend: (Time is in decaauts)
 A = Elapsed time spent in this place.
 B = Non-inter-level travel time spent in this place.
 C = Inter-level travel time spent in this place.
 D = Time resting spent in this place.
 E = Time spent auto-exploring this place.
 F = Levels seen in this place.
 G = Mean time per level.
                   A        B        C        D        E       F      G
               +--------+--------+--------+--------+--------+-----+--------+
         Total |  16485 |  16008 |    477 |   1727 |  10882 |  14 | 1177.5 |
       Dungeon |  12406 |  11948 |    458 |    735 |   8878 |  10 | 1240.6 |
        Temple |    630 |    611 |     19 |    513 |     50 |   1 |  630.0 |
          Lair |     12 |     12 |      0 |      0 |      0 |   1 |   12.0 |
       Ossuary |   1477 |   1477 |      0 |    256 |    820 |   1 | 1477.0 |
        Bailey |   1957 |   1957 |      0 |    223 |   1134 |   1 | 1957.0 |
               +--------+--------+--------+--------+--------+-----+--------+

Top non-repeatable levels by time:
     D:8: 1969 daAuts
  Bailey: 1957 daAuts
     D:7: 1731 daAuts
 Ossuary: 1477 daAuts
    D:10: 1450 daAuts
     D:4: 1346 daAuts
     D:6: 1321 daAuts
     D:3: 1112 daAuts
     D:9: 1005 daAuts
     D:2: 971 daAuts
     D:1: 805 daAuts
     D:5: 692 daAuts
  Temple: 630 daAuts
  Lair:1: 12 daAuts
